 Dungeon Crawl Stone Soup version 0.22-a0-358-g7563fe7 (webtiles) character file.

510 Leszczynek the Ruffian (level 6, -3/55 HPs)
             Began as a Troll Skald on Apr 18, 2018.
             Killed by divine providence
             ... invoked by an orc priest
              (15 damage)
             ... on level 6 of the Dungeon.
             The game lasted 00:06:11 (953 turns).

Leszczynek the Ruffian (Troll Skald)                 Turns: 953, Time: 00:06:12

Health: -3/55      AC:  5    Str: 20    XL:     6   Next: 98%
Magic:  6/6        EV: 13    Int: 10    God:
Gold:   170        SH:  0    Dex: 10    Spells: 3/7 levels left

rFire    . . .     SeeInvis .     - Unarmed
rCold    . . .     Gourm    +   (no shield)
rNeg     . . .     Faith    .   a - +0 robe
rPois    +         Spirit   .   (helmet restricted)
rElec    .         Reflect  .   f - scarf {repulsion}
rCorr    .         Harm     .   (gloves unavailable)
MR       .....                  (boots unavailable)
Stlth    +.........             (no amulet)
HPRegen  0.58/turn              c - ring of poison resistance
MPRegen  0.10/turn              m - +3 ring of evasion

@: repel missiles
A: large, unfitting armour, claws 3, fast metabolism 3, gourmand, regeneration
1, shaggy fur 1, tough skin 2
a: no special abilities


You were on level 6 of the Dungeon.
You were full.

You visited 1 branch of the dungeon, and saw 6 of its levels.

You collected 170 gold pieces.

Inventory:

Hand Weapons
 p - a +0 hunting sling
Missiles
 o - 6 tomahawks (quivered)
Armour
 a - a +0 robe (worn)
 f - a scarf of repulsion (worn)
Jewellery
 c - a ring of poison resistance (left claw)
 j - an uncursed ring of protection from cold
 l - an uncursed ring of flight
 m - a +3 ring of evasion (right claw)
Scrolls
 e - a scroll of immolation {unknown}
 h - a scroll of magic mapping
 k - 2 scrolls of enchant weapon
 q - a scroll of remove curse {@r2}
 r - a scroll of enchant armour
 s - 2 scrolls of teleportation
Potions
 b - a potion of might
 g - a potion of ambrosia
 i - a potion of brilliance {unknown}
Comestibles
 d - 7 rations


   Skills:
 - Level 1.5 Fighting
 - Level 1.9 Dodging
 + Level 7.6 Unarmed Combat
 - Level 1.2 Spellcasting
 - Level 2.0 Charms


You had 3 spell levels left.
You knew the following spells:

 Your Spells              Type           Power        Failure   Level  Hunger
a - Infusion              Chrm           #...         16%         1    ##.....
b - Animate Skeleton      Necr           N/A          34%         1    ##.....
B - Blink                 Tloc           N/A          45%         2    ###....


Dungeon Overview and Level Annotations

Branches:
Dungeon (6/15)
 Temple: D:4-7

Altars:


Innate Abilities, Weirdness & Mutations

You are too large for most types of armour.
You have claws for hands.
Your metabolism is lightning-fast.
You like to eat raw meat.
Your natural rate of healing is unusually fast.
You are covered in fur. (AC +1)
You have very tough skin. (AC +2)


Message History

An orc comes into view.
The orc shouts!
You hear a shout! x3
You barely miss the orc priest.
The orc priest is heavily wounded.
The orc wizard hits you with a dagger.
You claw the orc priest!
You kill the orc priest!
The orc wizard points at you and mumbles some strange words.
The puff of flame is repelled.
You barely miss the orc priest. The orc wizard closely misses you.
The orc priest hits you.
An orc wizard comes into view. It is wielding a dagger.
You claw the orc priest!
The orc priest is severely wounded.
The orc wizard casts a spell at you. The magic dart hits you!
* * * LOW HITPOINT WARNING * * *
The orc priest mumbles some strange prayers to Beogh against you.
Beogh smites you!
You die...

###.....#####
##...........###
#.....[........##
##...............##
#.................#
#.................#
##................#..
#............o.....#
###.........@o.oo.#
##.........o.#..#
#####†##.......##
##.##..#####...##
##.....## #####
##.......##
#.........###
......<.....#
..............


You could see an orc priest, 2 orc wizards and 2 orcs.

Vanquished Creatures
  A water moccasin (D:6)
  A bullfrog (D:6)
  A scorpion (D:6)
  3 crimson imps (D:5)
  An orc priest (D:6)
  2 orc wizards (D:3)
  Jessica (D:2)
  2 adders
  2 worms
  2 dart slugs
  4 leopard geckos
  4 orcs
  2 bats
  5 giant cockroaches
  10 goblins
  3 hobgoblins (D:2)
  A quokka (D:6)
  A frilled lizard (D:2)
  4 kobolds
  3 rats
53 creatures vanquished.

Notes
Turn   | Place    | Note
-------+----------+-------------------------------------------
     0 | D:1      | Leszczynek the Troll Skald began the quest for the Orb.
     0 | D:1      | Reached XP level 1. HP: 19/19 MP: 1/1
   127 | D:1      | Reached XP level 2. HP: 27/27 MP: 2/2
   203 | D:2      | Reached skill level 3 in Unarmed Combat
   229 | D:2      | Noticed Jessica
   237 | D:2      | Killed Jessica
   237 | D:2      | Reached XP level 3. HP: 24/33 MP: 3/3
   263 | D:2      | Reached skill level 4 in Unarmed Combat
   386 | D:3      | Reached XP level 4. HP: 36/41 MP: 4/4
   459 | D:2      | Reached skill level 5 in Unarmed Combat
   504 | D:2      | 8 scrolls?
   504 | D:2      | what
   551 | D:3      | Reached XP level 5. HP: 45/48 MP: 5/5
   712 | D:5      | Entered Level 5 of the Dungeon
   732 | D:5      | Reached skill level 6 in Unarmed Combat
   764 | D:5      | Learned a level 2 spell: Blink
   766 | D:5      | Learned a level 1 spell: Animate Skeleton
   887 | D:6      | Reached XP level 6. HP: 55/55 MP: 6/6
   902 | D:6      | Noticed a water moccasin
   914 | D:6      | Killed a water moccasin
   914 | D:6      | Reached skill level 7 in Unarmed Combat
   937 | D:6      | HP: 8/55 [orc priest/divine providence (11)]
   953 | D:6      | Killed from afar by an orc priest

Vault maps used:
D:1:      dpeg_arrival_pits, minmay_small_reverse_x
D:2:      chequers_ecumenical_altar_simple_redux, uniq_jessica
D:3:      uniq_ijyb
D:4:      minmay_goblin_kobold_castle, first_ration, kennysheep_big_empty_room
D:6:      temple_doors_e, kennysheep_generic_room_15

Skill      XL: |  1  2  3  4  5  6 |
---------------+-------------------+-----
Unarmed Combat | 3 4 5 6 7 |  7.6
Fighting       | |  1.5
Dodging        | |  1.9
Spellcasting   | |  1.2
Charms         | |  2.0

Action                   |  1- 3 |  4- 6 || total
-------------------------+-------+-------++-------
Melee: Unarmed           |    61 |   109 ||   170
  Use: Scroll            |       |     9 ||     9
       Potion            |       |     1 ||     1
  Eat: Chunk             |     8 |     3 ||    11
Armor: Robe              |    16 |    21 ||    37
Dodge: Dodged            |    25 |    40 ||    65
       Deflected         |       |     3 ||     3

Table legend:
 A = Spawn XP
 B = Non-spawn XP
 C = Spawn XP percentage of total XP
 D = Spawn monster count
 E = Non-spawn monster count
 F = Spawn count percentage of total count
 G = Total turns spent on level
                    A         B        C        D         E        F      G
               +---------+---------+-------+---------+---------+-------+---------
         Total |       0 |     729 |   0.0 |       0 |      53 |   0.0 |   953
               +---------+---------+-------+---------+---------+-------+---------
           D:1 |       0 |      17 |   0.0 |       0 |       9 |   0.0 |   219
           D:2 |       0 |      81 |   0.0 |       0 |      18 |   0.0 |   233
           D:3 |       0 |     127 |   0.0 |       0 |      16 |   0.0 |   176
           D:5 |       0 |     147 |   0.0 |       0 |       4 |   0.0 |    92
           D:6 |       0 |     357 |   0.0 |       0 |       6 |   0.0 |    71
               +---------+---------+-------+---------+---------+-------+---------
